 Dungeon Crawl Stone Soup version 0.29.0-4-gdea44cf6ec (webtiles) character file.

Game seed: 7029666985209148100

9368 qw the Cleaver (level 11, 0/106 HPs)
             Began as a Gargoyle Berserker on Sept 8, 2022.
             Was a Priest of Trog.
             Slain by Urug
             ... wielding a +1 vorpal glaive
              (3 damage)
             ... on level 1 of the Lair of Beasts.
             The game lasted 00:03:27 (12748 turns).

qw the Cleaver (Gargoyle Berserker)                Turns: 12748, Time: 00:03:27

Health: 0/106      AC: 31    Str: 22    XL:     11   Next: 45%
Magic:  11/11      EV:  7    Int: 12    God:    Trog [***...]
Gold:   354        SH:  0    Dex: 10    Spells: 10/10 levels left

rFire   . . .      SeeInvis +   Y - +2 broad axe (venom)
rCold   . . .      Faith    .   (no shield)
rNeg    + . .      Spirit   .   d - +1 plate armour
rPois   inf        Reflect  .   g - +2 helmet {SInv}
rElec   +          Harm     .   n - +0 cloak
rCorr   +          Rampage  .   l - +0 pair of gloves
Will    +....                   f - +0 pair of boots "Paxannuq" {+Inv Str-2 Dex+2}
Stlth   ..........              (no amulet)
HPRegen 0.27/turn               r - ring of resist corrosion
MPRegen 0.12/turn               (no ring)

@: berserking, very quick
A: sickness immunity, AC +8, negative energy resistance 1, electricity
resistance, torment resistance 1, petrification resistance, clever 1,
strong-willed 1
a: Renounce Religion, Evoke Invisibility, Berserk, Trog's Hand


You were on level 1 of the Lair of Beasts.
You worshipped Trog.
Trog was most pleased with you.
You visited 2 branches of the dungeon, and saw 10 of its levels.

You collected 564 gold pieces.
You spent 210 gold pieces at shops.


Innate Abilities, Weirdness & Mutations

You are immune to sickness and miasma.
Your stone body is resilient. (AC +8)
You are immune to poison.
You resist negative energy. (rN+)
You are resistant to electric shocks. (rElec)
You are resistant to unholy torment.
You are immune to petrification.
Your mind is acute. (Int +4, Str/Dex -1)
You are strong-willed. (Will+)


   Skills:
 + Level 9.2 Fighting
 - Level 12.0 Axes
 - Level 1.2 Throwing
 - Level 10.1 Armour
 - Level 2.1 Dodging


You had 10 spell levels left.
You didn't know any spells.
Your spell library was empty.

Inventory:

Hand Weapons
 p - a +0 morningstar
 Y - a +2 broad axe of venom (weapon)
Missiles
 q - 8 boomerangs (quivered)
Armour
 d - a +1 plate armour (worn)
 f - the +0 pair of boots "Paxannuq" (worn) {+Inv Str-2 Dex+2}
   (You acquired it on level 8 of the Dungeon)

   Str:       It affects your strength (-2).
   Dex:       It affects your dexterity (+2).
   +Inv:      It lets you turn invisible.
 g - a +2 helmet of see invisible (worn)
 l - a +0 pair of gloves (worn)
 n - a +0 cloak (worn)
Jewellery
 r - a ring of resist corrosion (left hand)
Scrolls
 b - 2 scrolls of identify
 c - 5 scrolls of teleportation
Potions
 a - 8 potions of curing
 h - a potion of lignification {unknown}
 i - 3 potions of haste
 j - 4 potions of resistance
 k - a potion of mutation
 m - 2 potions of heal wounds
 o - 2 potions of cancellation

Dungeon Overview and Level Annotations

Branches:
Dungeon (9/15)             Temple (0/1) D:5            Lair (1/5) D:9
    Orc: D:9-12

Altars:
Dithmenos
Fedhas
Gozag
Hepliaklqana
Nemelex Xobeh
Qazlal
Trog
Uskayaw
Vehumet
The Shining One

Shops:
D:4 !

Annotations:
Lair:1 Urug


Message History

Enter note:
12720 ||| READING scroll of enchant weapon.
As you read the scroll of enchant weapon, it crumbles to dust.
Your +1 broad axe of venom glows red for a moment.
12720 ||| ENCHANTING +1 broad axe of venom.
You now have 354 gold pieces (gained 12).
A cane toad comes into view.
The cane toad croaks.
Urug the Orcish Ballista comes into view.
She is wielding a +1 vorpal glaive.
Urug shouts!
Found 8 gold pieces.
12739 ||| INVOKING Berserk.
A red film seems to cover your vision as you go berserk!
You feel yourself moving faster!
You feel mighty!
The cane toad stings you but does no damage.
You closely miss the cane toad.
The cane toad stings you but does no damage.
You completely miss the cane toad.
Urug hits you from afar with a +1 vorpal glaive.
You slice the cane toad!!
The cane toad is heavily wounded.
The cane toad stings you!
Urug hits you from afar with a +1 vorpal glaive!
You slash the cane toad!
The cane toad is almost dead.
The cane toad stings you!
You slash the cane toad!
You kill the cane toad!
Trog accepts your kill. Urug hits you but does no damage.
Urug hits you with a +1 vorpal glaive!
You slash Urug!
Urug is poisoned.
Urug is lightly wounded.
You slash Urug!
Urug looks as sick as possible!
Urug is moderately wounded.
Urug hits you with a +1 vorpal glaive!!
You hit Urug.
Urug looks as sick as possible!
Urug is heavily wounded.
Urug hits you with a +1 vorpal glaive!
You die...

..................+
.###....#.........#
###.....#..........
..##....#..........
..+.....#.........+
...#....#.........#
..##..............# ##
.##.....###.#######...#.
.%..............@o......
.%....................$.
........................
........................
+####..............#####
. #...#+###..##### .
##...#.......##
#....#..........
##..............


You could see Urug (extremely poisoned).

Vanquished Creatures
  A hydra (Lair:1)
  Pikel (D:7)
  An oklob plant (Lair:1)
  4 cane toads (Lair:1)
  Maggie (D:6)
  2 komodo dragons (Lair:1)
  A hornet (D:8)
  Prince Ribbit (D:9)
  A wyvern (Lair:1)
  5 yaks (D:9)
  Menkaure (D:5)
  2 water moccasins
  Duvessa (D:7)
  3 black bears
  2 orc warriors (D:9)
  2 ice beasts
  2 sky beasts (D:7)
  5 wolves (Lair:1)
  5 centaurs
  5 ogres
  6 bullfrogs
  2 gnoll sergeants (D:9)
  2 necrophages
  4 scorpions
  7 wights
  Dowan (D:7)
  4 killer bees (D:7)
  4 howler monkeys
  3 jellies
  An orc priest (D:6)
  A gnoll bouda (D:8)
  2 hounds
  4 iguanas
  8 orc wizards
  14 gnolls
  5 adders
  A worm (D:2)
  2 dart slugs
  27 orcs
  14 ball pythons
  6 bats
  3 endoplasms
  2 giant cockroaches (D:1)
  5 goblins
  9 hobgoblins
  A jackal (D:2)
  3 quokkas
  2 frilled lizards
  6 kobolds
  2 rats
197 creatures vanquished.

Vanquished Creatures (others)
  9 fungi
  10 plants
19 creatures vanquished.

Grand Total: 216 creatures vanquished

Notes
Turn   | Place    | Note
-------+----------+-------------------------------------------
     0 | D:1      | qw the Gargoyle Berserker began the quest for the Orb.
     0 | D:1      | Reached XP level 1. HP: 14/14 MP: 1/1
     0 | D:1      | 0 ||| qw: Version: 0.1-a-112-g44dc6cd
     0 | D:1      | 0 ||| qw: Game counter: 6811
     0 | D:1      | 0 ||| qw: Always use a shield: true
     0 | D:1      | 0 ||| qw: Do Orc after D:15 true
     0 | D:1      | 0 ||| qw: Do second Lair branch before Depths: true
     0 | D:1      | 0 ||| qw: Lair rune preference: random
     0 | D:1      | 0 ||| qw: Plans: Normal
     0 | D:1      | 0 ||| PLANNING D:1-11
    97 | D:1      | Found a faded altar of an unknown god.
   157 | D:1      | Reached skill level 3 in Axes
   200 | D:1      | Reached XP level 2. HP: 19/19 MP: 2/2
   888 | D:1      | 888 ||| UPGRADING to +0 ring mail.
   898 | D:1      | 898 ||| DROPPING +0 animal skin.
   899 | D:1      | 899 ||| UPGRADING to +0 scale mail.
   909 | D:1      | 909 ||| DROPPING +0 ring mail.
   910 | D:1      | 910 ||| DROPPING amulet of magic regeneration.
   911 | D:1      | 911 ||| READING scroll labelled CUUBLA YSEHE.
  1063 | D:2      | Reached XP level 3. HP: 23/23 MP: 3/3
  1256 | D:2      | Reached ** piety under Trog
  1296 | D:2      | 1296 ||| INVOKING Berserk.
  1461 | D:2      | Reached skill level 4 in Axes
  1615 | D:2      | Reached XP level 4. HP: 25/28 MP: 4/4
  1620 | D:2      | 1620 ||| FLEEEEING.
  1662 | D:2      | 1662 ||| Stepping ~*~*~tactically~*~*~ (hiding).
  1818 | D:2      | 1818 ||| Stepping ~*~*~tactically~*~*~ (stealth).
  1834 | D:2      | 1834 ||| DROPPING ring of flight.
  1835 | D:2      | 1835 ||| READING scroll labelled TOMIUPPE UDYODEMI.
  1836 | D:2      | 1836 ||| READING scroll labelled SEOCKE OSANY.
  1837 | D:2      | 1837 ||| DRINKING 2 murky purple potions.
  1838 | D:2      | 1838 ||| DRINKING 2 silvery potions.
  1933 | D:3      | 1933 ||| DROPPING +0 whip.
  2292 | D:3      | Found a blossoming altar of Fedhas.
  2355 | D:3      | 2355 ||| Stepping ~*~*~tactically~*~*~ (hiding).
  2356 | D:3      | 2356 ||| Stepping ~*~*~tactically~*~*~ (hiding).
  2359 | D:3      | 2359 ||| INVOKING Berserk.
  2370 | D:3      | 2370 ||| FLEEEEING.
  2378 | D:3      | 2378 ||| STAIRDANCE
  2511 | D:2      | 2511 ||| UPGRADING to +0 chain mail.
  2521 | D:2      | 2521 ||| DROPPING +0 scale mail.
  2522 | D:2      | 2522 ||| DROPPING amulet of faith.
  2523 | D:2      | 2523 ||| READING scroll labelled XAT XUSTUNUOSK.
  2547 | D:3      | 2547 ||| INVOKING Berserk.
  2548 | D:3      | 2548 ||| INVOKING Berserk.
  2573 | D:3      | 2573 ||| Stepping ~*~*~tactically~*~*~ (stealth).
  2574 | D:3      | 2574 ||| Stepping ~*~*~tactically~*~*~ (stealth).
  2575 | D:3      | 2575 ||| Stepping ~*~*~tactically~*~*~ (stealth).
  2585 | D:3      | Reached skill level 5 in Axes
  2697 | D:3      | Reached XP level 5. HP: 32/32 MP: 5/5
  2930 | D:3      | 2930 ||| UPGRADING to +0 plate armour.
  2940 | D:3      | 2940 ||| DROPPING +0 chain mail.
  2941 | D:3      | 2941 ||| READING 2 scrolls labelled RIJAVV MIZXITA.
  2942 | D:3      | 2942 ||| READING scroll of enchant armour.
  2942 | D:3      | 2942 ||| ENCHANTING +0 plate armour.
  2943 | D:3      | 2943 ||| DRINKING 2 murky grey potions.
  2944 | D:3      | 2944 ||| DROPPING potion of flight.
  3043 | D:4      | Found a hazy altar of Hepliaklqana.
  3288 | D:4      | 3288 ||| INVOKING Berserk.
  3290 | D:4      | Reached skill level 3 in Armour
  3570 | D:4      | 3570 ||| SWAPPING to +0 war axe.
  3572 | D:4      | 3572 ||| Stepping ~*~*~tactically~*~*~ (stealth).
  3573 | D:4      | 3573 ||| DROPPING +0 hand axe.
  3805 | D:4      | Found a hide-covered altar of Uskayaw.
  3805 | D:4      | Found a shadowy altar of Dithmenos.
  3826 | D:4      | Found Suyviwaa's Distillery.
  3841 | D:4      | 3841 ||| BUYING potion of cancellation (80 gold).
  3841 | D:4      | Bought a potion of cancellation for 80 gold pieces
  3841 | D:4      | 3841 ||| BUYING potion of curing (30 gold).
  3841 | D:4      | Bought a potion of curing for 30 gold pieces
  3841 | D:4      | 3841 ||| BUYING potion of heal wounds (50 gold).
  3841 | D:4      | Bought a potion of heal wounds for 50 gold pieces
  3841 | D:4      | 3841 ||| BUYING potion of heal wounds (50 gold).
  3841 | D:4      | Bought a potion of heal wounds for 50 gold pieces
  3841 | D:4      | 3841 ||| SHOPLISTING potion of might (40 gold, have 38).
  3841 | D:4      | 3841 ||| SHOPLISTING potion of mutation (80 gold, have 38).
  3952 | D:4      | 3952 ||| READING scroll labelled EDITTO KULON.
  3955 | D:4      | 3955 ||| READING scroll labelled RAUGOPIPRU.
  3956 | D:4      | 3956 ||| READING scroll labelled BAPAJALOUS.
  3957 | D:4      | 3957 ||| READING scroll labelled SASUNE ZYDAPERGHIA.
  3958 | D:4      | 3958 ||| DRINKING 4 inky potions.
  3959 | D:4      | 3959 ||| DROPPING 3 potions of brilliance.
  3971 | D:5      | Entered Level 5 of the Dungeon
  4010 | D:5      | Reached XP level 6. HP: 21/38 MP: 6/6
  4149 | D:5      | Noticed Menkaure
  4150 | D:5      | 4150 ||| Stepping ~*~*~tactically~*~*~ (hiding).
  4157 | D:5      | 4157 ||| INVOKING Berserk.
  4159 | D:5      | Killed Menkaure
  4300 | D:5      | Noticed an ice beast
  4302 | D:5      | 4302 ||| INVOKING Berserk.
  4306 | D:5      | Killed an ice beast
  4307 | D:5      | Reached skill level 6 in Axes
  4307 | D:5      | Reached XP level 7. HP: 43/43 MP: 7/7
  4451 | D:5      | 4451 ||| DROPPING +2 vorpal mace.
  4457 | D:5      | 4457 ||| INVOKING Berserk.
  4615 | D:5      | Reached skill level 7 in Axes
  4668 | D:5      | 4668 ||| SWAPPING to +0 broad axe.
  4669 | D:5      | 4669 ||| DROPPING +1 war axe.
  4673 | D:5      | Found a staircase to the Ecumenical Temple.
  4714 | D:5      | 4714 ||| INVOKING Berserk.
  4854 | D:5      | 4854 ||| INVOKING Berserk.
  5052 | D:5      | Reached XP level 8. HP: 46/49 MP: 8/8
  5076 | D:5      | 5076 ||| INVOKING Berserk.
  5084 | D:5      | 5084 ||| STAIRDANCE
  5136 | D:4      | 5136 ||| Stepping ~*~*~tactically~*~*~ (stealth).
  5137 | D:4      | 5137 ||| READING scroll labelled SIWOMO BUASERGH.
  5138 | D:4      | 5138 ||| DRINKING 2 fizzy dark potions.
  5139 | D:4      | 5139 ||| READING 3 scrolls of identify.
  5139 | D:4      | 5139 ||| IDENTIFYING green potion
  5140 | D:4      | 5140 ||| READING 2 scrolls of identify.
  5140 | D:4      | 5140 ||| IDENTIFYING golden potion
  5141 | D:4      | 5141 ||| DROPPING potion of ambrosia.
  5142 | D:4      | 5142 ||| DROPPING potion of degeneration.
  5190 | D:5      | 5190 ||| READING scroll of enchant weapon.
  5190 | D:5      | 5190 ||| ENCHANTING +0 broad axe.
  5397 | D:5      | 5397 ||| READING scroll labelled GECLUTW ONUXTU.
  5526 | D:6      | 5526 ||| INVOKING Berserk.
  5531 | D:6      | Reached skill level 8 in Axes
  5784 | D:6      | 5784 ||| INVOKING Berserk.
  5938 | D:6      | Noticed Maggie
  5939 | D:6      | 5939 ||| Stepping ~*~*~tactically~*~*~ (hiding).
  5940 | D:6      | 5940 ||| Stepping ~*~*~tactically~*~*~ (hiding).
  5948 | D:6      | HP: 9/49 [Maggie/+2 halberd of flaming (5)]
  5949 | D:6      | 5949 ||| DRINKING 4 potions of heal wounds.
  5951 | D:6      | 5951 ||| INVOKING Berserk.
  5954 | D:6      | HP: 4/73 [Maggie/bolt of fire (17)]
  5957 | D:6      | Killed Maggie
  5958 | D:6      | Reached skill level 6 in Fighting
  6409 | D:6      | Found a radiant altar of Vehumet.
  6463 | D:6      | Found a stormy altar of Qazlal.
  6476 | D:6      | 6476 ||| DRINKING 5 potions of curing.
  6476 | D:6      | 6476 ||| (to cure confusion)
  6477 | D:6      | 6477 ||| INVOKING Berserk.
  6486 | D:6      | 6486 ||| DRINKING 4 potions of curing.
  6486 | D:6      | 6486 ||| (to cure confusion)
  7183 | D:6      | 7183 ||| UPGRADING to +2 helmet of see invisible.
  7188 | D:6      | 7188 ||| DRINKING 2 amethyst potions.
  7189 | D:6      | 7189 ||| DROPPING potion of invisibility.
  7209 | D:7      | 7209 ||| INVOKING Berserk.
  7220 | D:7      | 7220 ||| STAIRDANCE
  7350 | D:7      | 7350 ||| Stepping ~*~*~tactically~*~*~ (stealth).
  7448 | D:7      | Reached XP level 9. HP: 51/56 MP: 9/9
  7685 | D:7      | 7685 ||| INVOKING Berserk.
  7860 | D:7      | Noticed Duvessa
  7860 | D:7      | Noticed Dowan
  7861 | D:7      | 7861 ||| Stepping ~*~*~tactically~*~*~ (hiding).
  7866 | D:7      | 7866 ||| INVOKING Berserk.
  7871 | D:7      | Killed Duvessa
  7872 | D:7      | Reached skill level 9 in Axes
  7878 | D:7      | Killed Dowan
  8187 | D:7      | Found a sparkling altar of Nemelex Xobeh.
  8245 | D:7      | 8245 ||| Stepping ~*~*~tactically~*~*~ (stealth).
  8255 | D:7      | 8255 ||| Stepping ~*~*~tactically~*~*~ (hiding).
  8354 | D:7      | 8354 ||| INVOKING Berserk.
  8487 | D:7      | Reached skill level 6 in Armour
  8539 | D:7      | Noticed Pikel
  8540 | D:7      | 8540 ||| INVOKING Berserk.
  8545 | D:7      | Killed Pikel
  8760 | D:7      | 8760 ||| UPGRADING to +0 pair of gloves.
  8765 | D:7      | 8765 ||| READING scroll labelled TIEFYR SEULL.
  8808 | D:8      | Found a bloodstained altar of Trog.
  8821 | D:8      | 8821 ||| Stepping ~*~*~tactically~*~*~ (hiding).
  8825 | D:8      | Reached skill level 10 in Axes
  8830 | D:8      | 8830 ||| Stepping ~*~*~tactically~*~*~ (hiding).
  8836 | D:8      | Noticed a hornet
  8837 | D:8      | 8837 ||| Stepping ~*~*~tactically~*~*~ (stealth).
  8838 | D:8      | 8838 ||| Stepping ~*~*~tactically~*~*~ (stealth).
  8848 | D:8      | 8848 ||| INVOKING Berserk.
  8851 | D:8      | Killed a hornet
  9158 | D:8      | 9158 ||| Stepping ~*~*~tactically~*~*~ (stealth).
  9163 | D:8      | Reached XP level 10. HP: 65/65 MP: 10/10
  9166 | D:8      | 9166 ||| INVOKING Berserk.
  9339 | D:8      | 9339 ||| Stepping ~*~*~tactically~*~*~ (stealth).
  9340 | D:8      | 9340 ||| Stepping ~*~*~tactically~*~*~ (stealth).
  9342 | D:8      | 9342 ||| Stepping ~*~*~tactically~*~*~ (hiding).
  9355 | D:8      | 9355 ||| DROPPING +0 flail.
  9413 | D:8      | Reached skill level 1 in Throwing
  9556 | D:8      | 9556 ||| INVOKING Berserk.
  9682 | D:8      | 9682 ||| Stepping ~*~*~tactically~*~*~ (hiding).
  9683 | D:8      | 9683 ||| Stepping ~*~*~tactically~*~*~ (hiding).
  9688 | D:8      | 9688 ||| Stepping ~*~*~tactically~*~*~ (stealth).
  9730 | D:8      | Found an opulent altar of Gozag.
  9824 | D:8      | 9824 ||| INVOKING Berserk.
 10219 | D:8      | 10219 ||| READING scroll labelled LYULAEKEBB.
 10220 | D:8      | 10220 ||| READING scroll labelled ODWEMU NOUXICA.
 10221 | D:8      | 10221 ||| READING scroll labelled OHEVENKIOGU.
 10221 | D:8      | Identified a scroll of acquirement
 10221 | D:8      | 10221 ||| ACQUIRING +0 pair of boots "Paxannuq" {+Inv Str-2
                  | Dex+2}
 10221 | D:8      | Acquired the +0 pair of boots "Paxannuq" {+Inv Str-2 Dex+2}
 10223 | D:8      | 10223 ||| UPGRADING to +0 pair of boots "Paxannuq" {+Inv
                  | Str-2 Dex+2}.
 10228 | D:8      | 10228 ||| DRINKING 2 bubbling red potions.
 10228 | D:8      | Gained mutation: Your mind is acute. (Int +4, Str/Dex -1)
                  | [potion of mutation]
 10228 | D:8      | Gained mutation: You are strong-willed. (Will+) [potion of
                  | mutation]
 10326 | D:9      | Found a glowing golden altar of the Shining One.
 10366 | D:9      | 10366 ||| Stepping ~*~*~tactically~*~*~ (hiding).
 10380 | D:9      | Reached *** piety under Trog
 10566 | D:9      | 10566 ||| Stepping ~*~*~tactically~*~*~ (hiding).
 10567 | D:9      | 10567 ||| Stepping ~*~*~tactically~*~*~ (hiding).
 10605 | D:9      | 10605 ||| Stepping ~*~*~tactically~*~*~ (hiding).
 10704 | D:9      | 10704 ||| Stepping ~*~*~tactically~*~*~ (hiding).
 10710 | D:9      | 10710 ||| INVOKING Berserk.
 10900 | D:9      | 10900 ||| INVOKING Berserk.
 11045 | D:9      | Noticed Prince Ribbit
 11046 | D:9      | 11046 ||| Stepping ~*~*~tactically~*~*~ (stealth).
 11059 | D:9      | Killed Prince Ribbit
 11118 | D:9      | 11118 ||| Stepping ~*~*~tactically~*~*~ (hiding).
 11120 | D:9      | 11120 ||| Stepping ~*~*~tactically~*~*~ (hiding).
 11127 | D:9      | Reached skill level 11 in Axes
 11135 | D:9      | 11135 ||| INVOKING Berserk.
 11141 | D:9      | HP: 17/97 [gnoll/+0 halberd[a gnoll sergeant] (9)]
 11142 | D:9      | Reached skill level 9 in Fighting
 11146 | D:9      | HP: 15/99 [gnoll/+0 halberd[a gnoll sergeant] (3)]
 11150 | D:9      | 11150 ||| READING 4 scrolls of teleportation.
 11151 | D:9      | 11151 ||| DRINKING 3 potions of heal wounds.
 11377 | D:9      | Found a staircase to the Lair.
 11378 | D:9      | 11378 ||| INVOKING Berserk.
 11603 | D:9      | 11603 ||| PLANNING LAIR
 11603 | D:9      | 11603 ||| UPGRADING to +0 cloak.
 11608 | D:9      | 11608 ||| UPGRADING to ring of resist corrosion.
 11609 | D:9      | 11609 ||| READING 2 scrolls of identify.
 11609 | D:9      | 11609 ||| IDENTIFYING purple potion
 11610 | D:9      | 11610 ||| DROPPING potion of attraction.
 11666 | Lair:1   | Entered Level 1 of the Lair of Beasts
 11666 | Lair:1   | Noticed an oklob plant
 11671 | Lair:1   | 11671 ||| INVOKING Berserk.
 11678 | Lair:1   | Killed an oklob plant
 11682 | Lair:1   | Reached XP level 11. HP: 31/71 MP: 11/11
 11929 | Lair:1   | 11929 ||| INVOKING Berserk.
 11936 | Lair:1   | Reached skill level 9 in Armour
 12196 | Lair:1   | 12196 ||| INVOKING Berserk.
 12299 | Lair:1   | Noticed a seven-headed hydra
 12300 | Lair:1   | 12300 ||| Stepping ~*~*~tactically~*~*~ (stealth).
 12304 | Lair:1   | 12304 ||| SWAPPING to +0 morningstar.
 12305 | Lair:1   | 12305 ||| INVOKING Berserk.
 12311 | Lair:1   | Killed a seven-headed hydra
 12312 | Lair:1   | Reached skill level 12 in Axes
 12361 | Lair:1   | 12361 ||| SWAPPING to +1 broad axe of venom.
 12365 | Lair:1   | 12365 ||| INVOKING Berserk.
 12386 | Lair:1   | 12386 ||| Stepping ~*~*~tactically~*~*~ (stealth).
 12387 | Lair:1   | 12387 ||| Stepping ~*~*~tactically~*~*~ (stealth).
 12416 | Lair:1   | 12416 ||| Stepping ~*~*~tactically~*~*~ (stealth).
 12495 | Lair:1   | 12495 ||| Stepping ~*~*~tactically~*~*~ (stealth).
 12508 | Lair:1   | 12508 ||| INVOKING Berserk.
 12653 | Lair:1   | 12653 ||| INVOKING Berserk.
 12662 | Lair:1   | Noticed a six-headed hydra
 12663 | Lair:1   | 12663 ||| Stepping ~*~*~tactically~*~*~ (stealth).
 12720 | Lair:1   | 12720 ||| READING scroll of enchant weapon.
 12720 | Lair:1   | 12720 ||| ENCHANTING +1 broad axe of venom.
 12736 | Lair:1   | Noticed Urug
 12739 | Lair:1   | 12739 ||| INVOKING Berserk.
 12747 | Lair:1   | HP: 20/106 [Urug/+1 vorpal glaive (22)]
 12748 | Lair:1   | HP: 3/106 [Urug/+1 vorpal glaive (12)]
 12748 | Lair:1   | Slain by Urug

Levels and vault maps discovered:
D:1:      lightli_arrival_quake, layout_loops_ring,
          hellmonk_ecumenical_altar_pennies_from_heaven
D:2:      layout_rooms, minmay_quantized
D:3:      layout_basic, mainiacjoe_overflow_24_doors
D:4:      layout_loops_ring, mainiacjoe_overflow_six_doors_small,
          gammafunk_temple_overflow_statue, serial_shops, shop_statue, hex_tiny
D:5:      layout_gridville, minmay_temple_entry_wispy, uniq_menkaure
D:6:      layout_layer_cave, vehumet_crystals, grunt_qazlal_sundering,
          uniq_maggie
D:7:      layout_loops_corners, kennysheep_mini_moat, skrybe_limestone_x,
          nrook_mini_backslash, uniq_duvessa, uniq_pikel
D:8:      layout_loops_corners, grunt_gozag_statues, lightli_temple_of_fire
D:9:      layout_roguey, nicolae_tso_swordbearing_angel,
          grunt_lair_entry_orc_guard_hut, uniq_prince_ribbit1
Lair:1:   layout_regular_city, nicolae_volcano_entry_two_sided, minivault_23,
          dpeg_stationary_puzzle, infiniplex_staircase_pool, uniq_joseph,
          uniq_urug

Skill      XL: |  1  2  3  4  5  6  7  8  9 10 11 |
---------------+----------------------------------+-----
Axes           | 3 4 5 6 7 8 10 11 12 | 12.0
Armour         | 3 4 5 6 8 10 | 10.1
Fighting       | 4 5 6 8 9 |  9.2
Throwing       | 1 |  1.2
Dodging        | 2 |  2.1

Action                   |  1- 3 |  4- 6 |  7- 9 | 10-12 || total
-------------------------+-------+-------+-------+-------++-------
Melee: Hand axe          |   130 |    97 |       |       ||   227
       War axe           |       |    19 |    12 |       ||    31
       Punch             |       |     1 |     4 |     2 ||     7
       Broad axe         |       |       |   190 |   208 ||   398
       Morningstar       |       |       |       |     6 ||     6
Throw: Boomerang         |       |       |       |    33 ||    33
Invok: Berserk           |     1 |     5 |    14 |    15 ||    35
  Use: Scroll            |     1 |     9 |     6 |     6 ||    22
       Potion            |       |     4 |     5 |     2 ||    11
Armor: Animal skin       |    24 |       |       |       ||    24
       Scale mail        |    29 |    21 |       |       ||    50
       Chain mail        |       |     3 |       |       ||     3
       Plate armour      |       |    18 |   176 |   180 ||   374
Dodge: Dodged            |    83 |    47 |    58 |    96 ||   284

Table legend:
 A = Non-vault XP
 B = Vault XP
 C = Vault XP percentage of total XP
 D = Non-vault monster count
 E = Vault monster count
 F = Vault count percentage of total count
                 A         B        C        D         E       F
            +---------+---------+-------+---------+---------+-------
      Total |   10616 |    2768 |  20.7 |     179 |      18 |   9.1
            +---------+---------+-------+---------+---------+-------
        D:1 |      33 |       0 |   0.0 |      20 |       0 |   0.0
        D:2 |      40 |      22 |  35.5 |      15 |       5 |  25.0
        D:3 |      81 |       0 |   0.0 |      17 |       0 |   0.0
        D:4 |     127 |       0 |   0.0 |      10 |       0 |   0.0
        D:5 |     933 |     165 |  15.0 |      12 |       1 |   7.7
        D:6 |     426 |     350 |  45.1 |      10 |       1 |   9.1
        D:7 |     977 |     876 |  47.3 |      20 |       3 |  13.0
        D:8 |    1493 |       0 |   0.0 |      26 |       0 |   0.0
        D:9 |    2205 |     873 |  28.4 |      33 |       7 |  17.5
     Lair:1 |    4301 |     482 |  10.1 |      16 |       1 |   5.9
            +---------+---------+-------+---------+---------+-------
